 Dungeon Crawl Stone Soup version 0.27.1-15-g792fb953b9 (webtiles) character file.

Game seed: 13950097078399891112

620 tizbic2 the Chiller (level 7, 0/55 HPs)
             Began as a Demigod Ice Elementalist on Nov 18, 2021.
             Slain by Grinder (5 damage)
             ... while paralysed by Grinder
             ... on level 5 of the Dungeon.
             The game lasted 00:22:47 (4918 turns).

tizbic2 the Chiller (Demigod Ice Elementalist)      Turns: 4918, Time: 00:22:48

Health: 0/55       AC:  3    Str: 13    XL:     7   Next: 1%
Magic:  2/14       EV:  2    Int: 21    God:
Gold:   179        SH:  0    Dex: 14    Spells: 3/11 levels left

rFire    . . .     SeeInvis +   a - staff of earth
rCold    . . .     Faith    .   (no shield)
rNeg     . . .     Spirit   .   b - +0 leather armour
rPois    .         Reflect  .   (no helmet)
rElec    .         Harm     .   (no cloak)
rCorr    .         Rampage  .   (no gloves)
Will     .....                  (no boots)
Stlth    ++........             o - amulet of regeneration
HPRegen  1.18/turn              r - ring of see invisible
MPRegen  0.14/turn              (no ring)

@: paralysed
A: high mp 1, forlorn
a: no special abilities


You were on level 5 of the Dungeon.
You visited 1 branch of the dungeon, and saw 5 of its levels.

You collected 179 gold pieces.

Inventory:

Hand Weapons
 f - a +2 vampiric dagger
Missiles
 h - 14 poisoned darts (quivered)
 n - 6 javelins
 t - 2 curare-tipped darts
Armour
 b - a +0 leather armour (worn)
Magical Staves
 a - a staff of earth (weapon)
Jewellery
 o - an amulet of regeneration (around neck)
 r - a ring of see invisible (left hand)
Wands
 s - a wand of digging (3)
Scrolls
 c - a scroll of amnesia {unknown}
 d - a scroll of teleportation
 g - a scroll of noise {unknown}
 j - 2 scrolls of identify {unknown}
 l - a scroll of immolation {unknown}
 m - a scroll of fog
Potions
 e - a potion of magic {unknown}
 i - a potion of brilliance {unknown}
 k - a potion of heal wounds
 p - a potion of lignification {unknown}
 q - 2 potions of resistance {unknown}


   Skills:
 + Level 2.0 Fighting
 + Level 1.8 Staves
 + Level 2.7 Armour
 + Level 2.8 Dodging
 - Level 1.7 Stealth
 + Level 2.6 Spellcasting
 * Level 5.1 Ice Magic
 - Level 1.1 Earth Magic
 + Level 1.9 Evocations


You had 3 spell levels left.
You knew the following spells:

 Your Spells              Type           Power      Damage    Failure   Level
a - Freeze                Ice            96%        1d11      2%          1
b - Frozen Ramparts       Ice            48%        1d6       6%          3
c - Hailstorm             Conj/Ice       13%        3d5       52%         4

Your spell library contained the following spells:

 Spells                   Type           Power      Damage    Failure   Level
 Ozocubu's Armour         Ice            24%        N/A       6%          3


Dungeon Overview and Level Annotations

Branches:
Dungeon (5/15)
 Temple: D:4-7

Shops:
D:4 :

Annotations:
D:5 Grinder


Innate Abilities, Weirdness & Mutations

Your attributes grow dramatically as you level up.
You have an increased reservoir of magic. (+10% MP)
You shall have no god before yourself.


Message History

Grinder is severely wounded.
Grinder completely resists.
The wall freezes Grinder but does no damage.
Grinder hits you!
You writhe in agony.
You hit Grinder but do no damage.
Grinder is severely wounded.
The frozen ramparts melt away.
Grinder barely misses you.
You hit Grinder.
Grinder is severely wounded.
Grinder hits you!
You writhe in agony.
You barely miss Grinder.
Grinder is severely wounded.
Grinder hits you.
* * * LOW HITPOINT WARNING * * *
You hit Grinder but do no damage.
Grinder is severely wounded.
Grinder hits you but does no damage.
You closely miss Grinder.
Grinder is severely wounded.
Grinder hits you but does no damage.
You hit Grinder but do no damage.
Grinder is severely wounded.
Grinder hits you.
You writhe in agony.
* * * LOW HITPOINT WARNING * * *
Grinder says, "I used to sell toenails on the black market."
Grinder closely misses you.
You barely miss Grinder.
Grinder is severely wounded.
Grinder gestures at you.
You suddenly lose the ability to move!
Grinder hits you.
* * * LOW HITPOINT WARNING * * *
You writhe in agony.
* * * LOW HITPOINT WARNING * * *
Grinder hits you.
* * * LOW HITPOINT WARNING * * *
Grinder hits you!
* * * LOW HITPOINT WARNING * * *
You writhe in agony.
You die...

#.# #.#.#.#...#.#
#.#####...#.#.....
#.......# #.#...#
#.#####.###.#.#.#
#.# #.....†.....#
#)..........##.##
#.###.#.######.#
..# #.#.# #.# #
### #...#
#@##..#.# ##..#
#.5...... #..#
#(##..>.. #..# .(.
.... ..... ...
#...### .. #.... #
#...# #...#


You could see Grinder.

Vanquished Creatures
  A black bear (D:2)
  A sky beast (D:5)
  2 howler monkeys
  A bullfrog skeleton (D:3)
  3 hounds
  A jelly (D:4)
  2 iguanas
  3 gnolls (D:3)
  7 adders
  An adder skeleton (D:4)
  2 worms
  A dart slug (D:1)
  An orc (D:4)
  3 bats
  3 endoplasms
  5 giant cockroaches
  5 goblins
  3 hobgoblins
  4 jackals (D:1)
  4 quokkas
  5 ball pythons
  3 frilled lizards
  6 kobolds
  6 rats
73 creatures vanquished.

Vanquished Creatures (others)
  6 fungi (D:1)
  6 plants (D:1)
12 creatures vanquished.

Grand Total: 85 creatures vanquished

Notes
Turn   | Place    | Note
-------+----------+-------------------------------------------
     0 | D:1      | tizbic2 the Demigod Ice Elementalist began the quest for
                  | the Orb.
     0 | D:1      | Reached XP level 1. HP: 14/14 MP: 5/5
    67 | D:1      | Reached skill level 4 in Ice Magic
   446 | D:1      | Reached XP level 2. HP: 7/20 MP: 4/7
   449 | D:1      | HP: 1/20 [hobgoblin (3)]
  1693 | D:2      | Noticed a black bear
  1781 | D:2      | Reached XP level 3. HP: 15/27 MP: 5/8
  2258 | D:2      | Reached skill level 1 in Armour
  2599 | D:2      | Learned a level 3 spell: Frozen Ramparts
  2706 | D:2      | Killed a black bear
  2707 | D:2      | Reached skill level 1 in Fighting
  2707 | D:2      | Reached XP level 4. HP: 14/35 MP: 5/9
  3054 | D:3      | Reached skill level 1 in Staves
  3054 | D:3      | Reached skill level 1 in Evocations
  3054 | D:3      | Reached XP level 5. HP: 34/40 MP: 7/11
  3095 | D:3      | Reached skill level 1 in Earth Magic
  3872 | D:3      | Reached XP level 6. HP: 43/47 MP: 5/12
  4202 | D:4      | Learned a level 4 spell: Hailstorm
  4270 | D:4      | Found Etapuono's Book Shop.
  4685 | D:5      | Entered Level 5 of the Dungeon
  4784 | D:5      | Reached skill level 5 in Ice Magic
  4844 | D:5      | Reached XP level 7. HP: 46/55 MP: 2/14
  4845 | D:5      | Noticed Grinder
  4878 | D:5      | Paralysed by Grinder for 6 turns
  4886 | D:5      | Paralysed by Grinder for 2 turns
  4895 | D:5      | Paralysed by Grinder for 6 turns
  4915 | D:5      | Paralysed by Grinder for 4 turns
  4918 | D:5      | Slain by Grinder

Illustrated notes

Levels and vault maps discovered:
D:1:      mrwooster_arrival_arrow, layout_loops_ring,
          shapermc_ecumenical_altar_mp_urbaneastern, item_on_display_a
D:2:      layout_basic
D:3:      layout_loops_cross
D:4:      layout_basic, serial_shops, nicolae_shop_competitors_out_of_business
D:5:      layout_loops_ring, serial_shops, shop, uniq_grinder

Skill      XL: |  1  2  3  4  5  6 |
---------------+-------------------+-----
Ice Magic      | 4 5 |  5.1
Dodging        | 2 |  2.8
Armour         | 1 2 |  2.7
Fighting       | 1 2 |  2.0
Spellcasting   | 2 |  2.6
Staves         | 1 |  1.8
Evocations     | 1 |  1.9
Earth Magic    | 1 |  1.1
Stealth        | |  1.7

Action                   |  1- 3 |  4- 6 |  7- 9 || total
-------------------------+-------+-------+-------++-------
Melee: Unarmed           |    14 |       |       ||    14
       Club              |    11 |       |       ||    11
       Staff             |    60 |    96 |    24 ||   180
Throw: Dart              |    21 |    27 |     5 ||    53
 Cast: Freeze            |    31 |    15 |     1 ||    47
       Frozen Ramparts   |     2 |    17 |     3 ||    22
       Hailstorm         |       |     4 |       ||     4
  Use: Scroll            |     3 |       |       ||     3
       Potion            |       |       |     1 ||     1
 Stab: Sleeping          |     1 |     2 |       ||     3
Armor: Leather armour    |    25 |    31 |     4 ||    60
Dodge: Dodged            |    68 |    76 |    11 ||   155
